 Dungeon Crawl Stone Soup version 0.30-a0-422-g946f4849ff (webtiles) character file.

Game seed: 13205131284162832907

1 flotson the Sneak (level 1, 0/17 (18) HPs)
             Began as a Demonspawn Delver on Dec 8, 2022.
             Succumbed to an adder's poison
             ... on level 4 of the Dungeon.
             The game lasted 00:00:41 (19 turns).

flotson the Sneak (Demonspawn Delver)                 Turns: 19, Time: 00:00:41

HP:   0/17 (18)     AC:  3    Str: 12    XL:     1   Next: 16%
MP:   1/1           EV: 11    Int: 11    God:
Gold: 0             SH:  0    Dex: 14    Spells: 0/0 levels left

rFire   . . .      SeeInvis .    a - +0 hand axe
rCold   . . .      Faith    .    (no shield)
rNeg    . . .      Spirit   .    b - +0 leather armour
rPois   .          Reflect  .    (no helmet)
rElec   .          Harm     .    (no cloak)
rCorr   .          Rampage  .    (no gloves)
Will    .....                    (no boots)
Stlth   +.........               (no amulet)
HPRegen 0.22/turn                (no ring)
MPRegen 0.07/turn                (no ring)

@: confused, lethally poisoned (0 -> -4), drained
A: no striking features
a: no special abilities


You were on level 4 of the Dungeon.
You visited 1 branch of the dungeon, and saw 2 of its levels.

Inventory:

Hand Weapons
 a - a +0 hand axe (weapon)
Armour
 b - a +0 leather armour (worn)
Wands
 g - a wand of digging (3)
Scrolls
 c - a scroll of fog
 d - a scroll of magic mapping
 e - a scroll of fear
Potions
 f - a potion of haste
 h - a potion of curing {unknown}


   Skills:
 + Level 3.0 Fighting
 - Level 1.7 Axes
 + Level 0.0 Armour
 + Level 1.8 Dodging
 + Level 4.5 Stealth
 + Level 0.0 Evocations


You couldn't memorise any spells.
You didn't know any spells.
Your spell library was empty.

Dungeon Overview and Level Annotations

Branches:
Dungeon (5/15)
 Temple: D:4-7

Altars:


Message History

You hit the orc.
The orc is moderately wounded.
You hit the hobgoblin. The hobgoblin barely misses you.
An orc wizard comes into view. It is wielding a +0 dagger.
The orc closely misses you.
You hit the hobgoblin.
You kill the hobgoblin!
You hit the adder. You closely miss the orc.
The adder bites you but does no damage. The orc barely misses you.
The adder barely misses you.
You hit the adder.
The adder is almost dead.
You hit the orc.
The orc wizard points at you and mumbles some strange words.
You are confused.
The orc barely misses you. The adder barely misses you.
Unknown command.
You completely miss the adder.
The adder is almost dead.
You closely miss the orc. The adder bites you.
You are poisoned.
The adder poisons you! The orc closely misses you. The adder bites you.
You are more poisoned.
The adder poisons you!
An orc wizard comes into view. It is wielding a +0 dagger.
The orc hits you with a +0 flail.
You miss the orc.
The orc is severely wounded.
You miss the adder. You miss the necrophage.
* * * LOW HITPOINT WARNING * * *
You feel very sick. The adder bites you but does no damage.
The necrophage hits you.
* * * LOW HITPOINT WARNING * * *
You feel drained.
* * * LOW HITPOINT WARNING * * *
The orc barely misses you.
You hit the orc.
You kill the orc!
You hit the necrophage. You completely miss the adder.
You die...

### .. .#
###S##.###
#>@.......
#....n)..o....
##.........(o.
....##.....####
..... ........
.... ..........
... ......##...
..) ......##
.#.


You could see a necrophage, 2 orc wizards and an adder.

Vanquished Creatures
  An orc (D:4)
  A hobgoblin (D:4)
2 creatures vanquished.

Notes
Turn   | Place    | Note
-------+----------+-------------------------------------------
     0 | D:5      | flotson the Demonspawn Delver began the quest for the Orb.
     0 | D:5      | Reached XP level 1. HP: 18/18 MP: 1/1
    12 | D:4      | Noticed a necrophage
    14 | D:4      | Noticed an orc wizard
    17 | D:4      | Noticed an orc wizard
    19 | D:4      | Succumbed to an adder's poison

Illustrated notes

Levels and vault maps discovered:
D:4:      layout_cave_pools, nicolae_gozag_zags_fifth_avenue, serial_bayou,
          serial_bayou_pond_c, serial_bayou_pond_c, serial_bayou_crossing,
          serial_bayou_ford_a, guppyfry_early_orc_mine
D:5:      layout_basic

Action                   || total
-------------------------++-------
Melee: Hand axe          ||     7
Armor: Leather armour    ||     2
Dodge: Dodged            ||    10

Table legend: (Time is in decaauts)
 A = Elapsed time spent in this place.
 B = Non-inter-level travel time spent in this place.
 C = Inter-level travel time spent in this place.
 D = Time resting spent in this place.
 E = Time spent auto-exploring this place.
 F = Levels seen in this place.
 G = Mean time per level.
                   A        B        C        D        E       F      G
               +--------+--------+--------+--------+--------+-----+--------+
         Total |     20 |     20 |      0 |      0 |      4 |   2 |   10.0 |
       Dungeon |     20 |     20 |      0 |      0 |      4 |   2 |   10.0 |
               +--------+--------+--------+--------+--------+-----+--------+

Top non-repeatable levels by time:
     D:5: 11 daAuts
     D:4: 9 daAuts
